 Dungeon Crawl Stone Soup version 0.30.1 (webtiles) character file.

Game seed: 2754907869599419377

35 GimliDwarf the Sneak (level 3, -4/28 HPs)
             Began as a Gnoll Wanderer on July 6, 2023.
             Killed from afar by Sigmund (8 damage)
             ... with a magic dart
             ... on level 2 of the Dungeon.
             The game lasted 00:03:31 (1675 turns).

GimliDwarf the Sneak (Gnoll Wanderer)               Turns: 1675, Time: 00:03:31

Health: -4/28      AC:  2    Str: 10    XL:     3   Next: 35%
Magic:  7/7        EV: 11    Int: 10    God:
Gold:   117        SH:  0    Dex: 15    Spells: 7/7 levels left

rFire   . . .        d - +0 sling
rCold   . . .        (no shield)
rNeg    . . .        g - +0 robe
rPois   .            (no helmet)
rElec   .            (no cloak)
rCorr   .            (no gloves)
SInv    .            (no boots)
Will    .....        (no amulet)
Stlth   ++++         (no ring)
HPRegen 0.24/turn    (no ring)
MPRegen 0.10/turn

%: no passive effects
@: no status effects
A: fangs 1, strong nose, distributed training
a: no special abilities


You were on level 2 of the Dungeon.
You visited 1 branch of the dungeon, and saw 2 of its levels.

You collected 117 gold pieces.

Inventory:

Hand Weapons
 d - a +0 sling (weapon)
 k - a +0 short sword
Armour
 g - a +0 robe (worn)
Jewellery
 v - a ring of ice
Wands
 e - a wand of polymorph (3)
Scrolls
 a - 2 scrolls of identify {unknown}
 m - a scroll of magic mapping {unknown}
 n - 4 scrolls of amnesia {unknown}
 r - a scroll of noise {unknown}
 u - a scroll of fog {unknown}
Potions
 f - a potion of berserk rage
 h - a potion of resistance {unknown}
 i - a potion of brilliance {unknown}
 j - a potion of invisibility {unknown}
 l - 2 potions of ambrosia {unknown}
 o - 4 potions of curing {unknown}
 p - a potion of flight {unknown}
 q - a potion of lignification {unknown}
 s - a potion of heal wounds {unknown}
 t - a potion of degeneration {unknown}


   Skills:
 + Level 2.6 Fighting
 + Level 0.8 Short Blades
 + Level 0.8 Long Blades
 + Level 0.8 Axes
 + Level 0.8 Maces & Flails
 + Level 0.8 Polearms
 + Level 0.8 Staves
 + Level 6.5 Ranged Weapons
 + Level 0.8 Throwing
 + Level 0.8 Armour
 + Level 0.8 Dodging
 + Level 7.8 Stealth
 + Level 0.8 Shields
 + Level 0.8 Unarmed Combat
 + Level 2.8 Spellcasting
 + Level 0.5 Conjurations
 + Level 0.5 Hexes
 + Level 0.5 Summonings
 + Level 0.5 Necromancy
 + Level 0.5 Translocations
 + Level 0.5 Transmutations
 + Level 0.5 Fire Magic
 + Level 0.5 Ice Magic
 + Level 0.5 Air Magic
 + Level 0.5 Earth Magic
 + Level 0.5 Poison Magic
 + Level 1.0 Invocations
 + Level 2.6 Evocations


You had 7 spell levels left.
You didn't know any spells.
Your spell library contained the following spells:

 Spells                   Type           Power      Damage    Failure   Level
 Shock                    Conj/Air       8%         1d3       22%         1
 Blink                    Tloc           4%         N/A       34%         2
 Lesser Beckoning         Tloc           4%         N/A       34%         2
 Momentum Strike          Conj/Tloc      4%         3d8       34%         2
 Swiftness                Air            2%         N/A       56%         3
 Airstrike                Air            1%         2d(1-17)  92%         4


Dungeon Overview and Level Annotations

Branches:
Dungeon (2/15)

Altars:

Annotations:
D:2 Sigmund


Innate Abilities, Weirdness & Mutations

You have very sharp teeth.
Your uncanny sense of smell can sniff out nearby items.
Your experience applies equally to all skills.


Message History

Throw: dart (atropa)
Press: ? - help, Shift-Dir - straight line, f - Sigmund
Aim: Sigmund, wielding a +0 scythe and wearing a +1 robe of willpower (asleep, 98% to hit, chance to blind on hit: 89%)
You throw an atropa-tipped dart. The atropa-tipped dart hits Sigmund.
Sigmund appears confused.
Sigmund shouts!
Throw: dart (datura)
Press: ? - help, Shift-Dir - straight line, f/p - Sigmund
Aim: Sigmund, wielding a +0 scythe and wearing a +1 robe of willpower (confused, blind, 78% to hit, chance to frenzy on hit: 90%)
You throw a datura-tipped dart. The datura-tipped dart hits Sigmund.
Sigmund resists.
Sigmund seems less confused.
Okay, then.
You shoot a sling bullet.
The sling bullet hits Sigmund but does no damage.
You shoot a sling bullet. The sling bullet barely misses Sigmund.
You shoot a sling bullet. The sling bullet barely misses Sigmund.
Sigmund is no longer blind.
You shoot a sling bullet.
The sling bullet hits Sigmund but does no damage.
Sigmund gestures at you while chanting. The magic dart hits you.
You shoot a sling bullet.
The sling bullet hits Sigmund but does no damage.
You shoot a sling bullet. The sling bullet hits Sigmund.
Sigmund is lightly wounded.
Sigmund casts a spell at you.
You are confused.
You are too confused!
You are too confused!
Sigmund hits you from afar with a +0 scythe!
You bump into the rock wall.
Sigmund gestures at you while chanting. The magic dart hits you!
* * * LOW HITPOINT WARNING * * *
You bump into the rock wall.
You feel less confused. Sigmund gestures at you while chanting.
The magic dart hits you!
You die...

## #.##......#
#..........
#.##....#.##
#...#######
#.##..#....####.##
#.##.###.#.......#
#.##..#....#####.#
#.##....#.######(#
#.##.#.##........#
#.##.#.##.@#######
##>##...@...#
###...###.###.#
#...#.....# #.# ##
#.#...##### #)# #.
#....## ... #. #
#.#### #.# #.
####.##.######.#
.. #.
...............#
## #.
###..##.######.#
#.


You could see Sigmund.

Vanquished Creatures
  2 dart slugs (D:1)
  3 endoplasms
  A giant cockroach (D:1)
  4 goblins (D:1)
  3 hobgoblins (D:1)
  5 kobolds
  A quokka (D:1)
  2 ball pythons (D:1)
  2 bats (D:1)
  2 frilled lizards (D:1)
  6 rats
31 creatures vanquished.

Notes
Turn   | Place    | Note
-------+----------+-------------------------------------------
     0 | D:1      | GimliDwarf the Gnoll Wanderer began the quest for the Orb.
     0 | D:1      | GimliDwarf set off with the following items: a +0 dagger,
                  | an atropa-tipped dart, a datura-tipped dart, a +0 sling, a
                  | wand of polymorph (3), a potion of berserk rage, a +0 robe.
     0 | D:1      | Reached XP level 1. HP: 17/17 MP: 4/4
   219 | D:1      | Reached XP level 2. HP: 23/23 MP: 5/5
   753 | D:1      | Reached XP level 3. HP: 28/28 MP: 7/7
  1370 | D:2      | Noticed Sigmund
  1621 | D:2      | Reached skill level 1 in Invocations
  1675 | D:2      | Killed from afar by Sigmund

Illustrated notes

Levels and vault maps discovered:
D:1:      dpeg_arrival_tiny_k, layout_basic, serial_bayou, serial_bayou_ford_a,
          serial_bayou_lagoon_a, serial_bayou_pond_d, serial_bayou_shore_a
D:2:      layout_loops_ring, uniq_sigmund

Skill      XL: |  1  2  3 |
---------------+----------+-----
Invocations    | 1 |  1.0
Fighting       | |  2.6
Short Blades   | |  0.8
Long Blades    | |  0.8
Axes           | |  0.8
Maces & Flails | |  0.8
Polearms       | |  0.8
Staves         | |  0.8
Ranged Weapons | |  6.5
Throwing       | |  0.8
Armour         | |  0.8
Dodging        | |  0.8
Stealth        | |  7.8
Shields        | |  0.8
Unarmed Combat | |  0.8
Spellcasting   | |  2.8
Conjurations   | |  0.5
Hexes          | |  0.5
Summonings     | |  0.5
Necromancy     | |  0.5
Translocations | |  0.5
Transmutations | |  0.5
Fire Magic     | |  0.5
Ice Magic      | |  0.5
Air Magic      | |  0.5
Earth Magic    | |  0.5
Poison Magic   | |  0.5
Evocations     | |  2.6

Action                     || total
---------------------------++-------
  Melee: Dagger            ||    23
         Bite              ||     2
         Short sword       ||     2
   Fire: Sling             ||    78
  Throw: Dart              ||     2
   Stab: Sleeping          ||     2
 Armour: Robe              ||     5
  Dodge: Dodged            ||    21
